 Dungeon Crawl Stone Soup version 0.31-a0-152-g6aa68a64a1 (webtiles) character file.

Game seed: 6813639677641780413

219 qw the Shooter (level 5, -2/46 HPs)
             Began as a Minotaur Hunter on June 10, 2023.
             Killed from afar by Natasha (9 damage)
             ... with a magic dart
             ... on level 3 of the Dungeon.
             The game lasted 00:00:49 (2331 turns).

qw the Shooter (Minotaur Hunter)                    Turns: 2331, Time: 00:00:49

Health: -2/46      AC:  3    Str: 16    XL:     5   Next: 63%
Magic:  4/4        EV: 12    Int:  6    God:
Gold:   139        SH:  0    Dex: 15    Spells: 4/4 levels left

rFire   . . .        Y - +1 shortbow
rCold   . . .        (shield currently unavailable)
rNeg    . . .        c - +0 leather armour
rPois   .            (helmet restricted)
rElec   .            (no cloak)
rCorr   .            (no gloves)
SInv    .            (no boots)
Will    .....        (no amulet)
Stlth   +            (no ring)
HPRegen 0.27/turn    (no ring)
MPRegen 0.09/turn

%: no passive effects
@: about to teleport, slowed, very slow
A: horns 2, retaliatory headbutt
a: no special abilities


You were on level 3 of the Dungeon.
You visited 1 branch of the dungeon, and saw 3 of its levels.

You collected 139 gold pieces.


Innate Abilities, Weirdness & Mutations

You have a pair of horns on your head.
You reflexively headbutt those who attack you in melee.


   Skills:
 - Level 4.0 Fighting
 + Level 7.1 Ranged Weapons
 - Level 2.1 Dodging
 - Level 0.7 Stealth


You had 4 spell levels left.
You didn't know any spells.
Your spell library was empty.

Inventory:

Hand Weapons
 Y - a +1 shortbow (weapon)
Armour
 c - a +0 leather armour (worn)
Scrolls
 b - a scroll of identify
 d - a scroll of teleportation
Potions
 a - 3 potions of curing
 e - a potion of heal wounds {unknown}
 f - a potion of invisibility {unknown}
 g - a potion of enlightenment {unknown}
 h - a potion of haste

Dungeon Overview and Level Annotations

Branches:
Dungeon (3/15)

Altars:

Annotations:
D:3 Natasha


Message History

The quokka is heavily wounded.
The quokka barely misses you. The cerulean imp closely misses you.
You shoot an arrow. The arrow completely misses the quokka.
The arrow hits the cerulean imp!
The cerulean imp is severely wounded.
The quokka bites you but does no damage.
The cerulean imp hits you from afar with a +1 spear.
Natasha mumbles some strange words.
The quokka completely misses you.
You shoot an arrow. The arrow misses the quokka.
The arrow hits the cerulean imp.
The cerulean imp is almost dead.
The cerulean imp closely misses you. The quokka misses you.
You furiously retaliate!
You headbutt the quokka, but do no damage.
You shoot an arrow. The arrow hits the quokka.
The quokka is severely wounded.
The quokka barely misses you. The cerulean imp closely misses you.
You shoot an arrow. The arrow hits the quokka!
You kill the quokka!
The cerulean imp hits you from afar with a +1 spear.
Natasha claws you but does no damage.
You shoot an arrow. The arrow closely misses Natasha.
The arrow hits the cerulean imp.
You kill the cerulean imp!
The cerulean imp disappears in a puff of smoke!
Natasha barely misses you.
The cerulean imp hits you from afar with a +1 spear.
You shoot an arrow. The arrow hits Natasha.
Natasha is heavily wounded.
Natasha casts a spell at you.
You feel yourself slow down.
The cerulean imp hits you from afar with a +1 spear.
Natasha claws you.
2331 ||| READING 2 scrolls of teleportation.
As you read the scroll of teleportation, it crumbles to dust.
You feel strangely unstable.
Natasha stares at you and mumbles some strange words.
The magic dart hits you!
You die...

##.#..## #.# #.##..#
#.# #.###.###.. #.#
#.#.... #.# #.'.>..
...######.#####....
..............'....
#.#########.#####....
#..)@.....#.######'##
###h#####.#<##.......
..5 #...##.......
..... ###.##.......
......? #.##.......
##+#### #.##.......
#.######%## #.# #.#
#.# #.#


You could see Natasha (fast) and a cerulean imp (summoned).

Vanquished Creatures
  Natasha (D:3)
  6 adders
  8 gnolls (D:3)
  3 dart slugs
  5 orcs (D:3)
  A ball python (D:1)
  4 endoplasms
  3 giant cockroaches
  5 goblins
  3 hobgoblins
  6 jackals
  A quokka (D:3)
  5 bats
  2 frilled lizards
  2 kobolds (D:2)
  3 rats
58 creatures vanquished.

Notes
Turn   | Place    | Note
-------+----------+-------------------------------------------
     0 | D:1      | qw the Minotaur Hunter began the quest for the Orb.
     0 | D:1      | Reached XP level 1. HP: 18/18 MP: 0/0
     0 | D:1      | 0 ||| qw: Version: 0.2-a-122-gbc61b45
     0 | D:1      | 0 ||| qw: Game counter: 3633
     0 | D:1      | 0 ||| qw: Always use a shield: true
     0 | D:1      | 0 ||| qw: God list: Okawaru
     0 | D:1      | 0 ||| qw: Allow faded altars: false
     0 | D:1      | 0 ||| qw: Do Orc after D:15 true
     0 | D:1      | 0 ||| qw: Do second Lair branch before Depths: true
     0 | D:1      | 0 ||| qw: Lair rune preference: random
     0 | D:1      | 0 ||| qw: Plans: Normal
     0 | D:1      | 0 ||| PLANNING D:1-11
   203 | D:1      | Found a faded altar of an unknown god.
   411 | D:1      | Reached XP level 2. HP: 25/25 MP: 1/1
   469 | D:1      | Reached skill level 5 in Ranged Weapons
   929 | D:1      | 929 ||| READING scroll labelled NEUCRE NE AJUI.
   930 | D:1      | 930 ||| READING scroll labelled GOAROIJIKA.
   931 | D:1      | 931 ||| READING scroll labelled XEEBRA FUENUKU.
   935 | D:1      | 935 ||| DROPPING scroll of butterflies.
  1027 | D:2      | Reached skill level 3 in Fighting
  1091 | D:2      | Reached XP level 3. HP: 31/31 MP: 2/2
  1381 | D:2      | Reached XP level 4. HP: 38/38 MP: 3/3
  1646 | D:2      | 1646 ||| READING scroll labelled POGUEVOEMO.
  1647 | D:2      | 1647 ||| READING scroll labelled DIWABB PAEMPUT.
  1648 | D:2      | 1648 ||| READING scroll labelled BUUCINUNOE.
  1649 | D:2      | 1649 ||| DRINKING 2 bubbling black potions.
  1650 | D:2      | 1650 ||| DRINKING 2 bubbling coppery potions.
  1706 | D:3      | Reached skill level 6 in Ranged Weapons
  1835 | D:3      | Reached XP level 5. HP: 46/46 MP: 4/4
  2207 | D:3      | Noticed Natasha
  2208 | D:3      | 2208 ||| FLEEEEING.
  2210 | D:3      | 2210 ||| STAIRDANCE
  2243 | D:2      | 2243 ||| READING scroll labelled SELESA WIFEGA.
  2252 | D:3      | Killed Natasha
  2313 | D:3      | Noticed Natasha
  2320 | D:3      | Reached skill level 7 in Ranged Weapons
  2330 | D:3      | HP: 11/46 [cerulean imp/+1 spear[Natasha] (1)]
  2331 | D:3      | 2331 ||| READING 2 scrolls of teleportation.
  2331 | D:3      | Killed from afar by Natasha

Levels and vault maps discovered:
D:1:      lightli_arrival_lavapool, layout_loops_corners,
          hellmonk_ecumenical_altar_heavens_door
D:2:      layout_basic
D:3:      layout_basic, uniq_natasha

Skill      XL: |  1  2  3  4  5 |
---------------+----------------+-----
Ranged Weapons | 5 6 7 |  7.1
Fighting       | 3 4 |  4.0
Dodging        | |  2.1
Stealth        | |  0.7

Action                     |  1- 3 |  4- 6 || total
---------------------------+-------+-------++-------
   Fire: Shortbow          |    90 |   101 ||   191
    Use: Scroll            |     3 |     5 ||     8
         Potion            |       |     2 ||     2
 Armour: Leather armour    |    11 |    10 ||    21
  Dodge: Dodged            |    27 |    36 ||    63

Table legend:
 A = Non-vault XP
 B = Vault XP
 C = Vault XP percentage of total XP
 D = Non-vault monster count
 E = Vault monster count
 F = Vault count percentage of total count
                 A         B        C        D         E       F
            +---------+---------+-------+---------+---------+-------
      Total |     278 |      35 |  11.2 |      57 |       1 |   1.7
            +---------+---------+-------+---------+---------+-------
        D:1 |      22 |       0 |   0.0 |      12 |       0 |   0.0
        D:2 |      86 |       0 |   0.0 |      21 |       0 |   0.0
        D:3 |     170 |      35 |  17.1 |      24 |       1 |   4.0
            +---------+---------+-------+---------+---------+-------
